 Dungeon Crawl Stone Soup version 0.27.0-1-g7a08968 (webtiles) character file.

Game seed: 15824399027690903188

86 MercyWheel the Chopper (level 4, -1/39 HPs)
             Began as a Minotaur Fighter on July 31, 2021.
             Slain by Grinder (9 damage)
             ... while paralysed by Grinder
             ... on level 3 of the Dungeon.
             The game lasted 00:03:09 (2160 turns).

MercyWheel the Chopper (Minotaur Fighter)           Turns: 2160, Time: 00:03:09

Health: -1/39      AC:  9    Str: 20    XL:     4   Next: 27%
Magic:  3/3        EV:  2    Int:  5    God:
Gold:   74         SH:  0    Dex: 11    Spells: 3/3 levels left

rFire    . . .     SeeInvis .   a - +0 war axe
rCold    . . .     Faith    .   c - +0 kite shield
rNeg     . . .     Spirit   .   b - +0 scale mail
rPois    .         Reflect  .   (helmet restricted)
rElec    .         Harm     .   (no cloak)
rCorr    .         Rampage  .   e - +1 pair of gloves
Will     .....                  (no boots)
Stlth    ..........             (no amulet)
HPRegen  0.13/turn              (no ring)
MPRegen  0.08/turn              (no ring)

@: paralysed, mighty
A: horns 2, retaliatory headbutt
a: no special abilities


You were on level 3 of the Dungeon.
You visited 1 branch of the dungeon, and saw 3 of its levels.

You collected 74 gold pieces.

Inventory:

Hand Weapons
 a - a +0 war axe (weapon)
Missiles
 h - 15 bolts
Armour
 b - a +0 scale mail (worn)
 c - a +0 kite shield (worn)
 e - a +1 pair of gloves (worn)
Scrolls
 f - a scroll of enchant armour {unknown}
 g - a scroll of acquirement {unknown}
 i - a scroll of noise {unknown}
 j - a scroll of magic mapping {unknown}
Potions
 d - a potion of might


   Skills:
 - Level 3.6 Fighting
 + Level 5.5 Axes
 - Level 3.6 Armour
 - Level 3.6 Shields


You had 3 spell levels left.
You didn't know any spells.
Your spell library contained the following spells:

 Spells                   Type           Power      Damage    Failure   Level
 Ignite Poison            Fire/Tmut/Pois 0%         N/A       100%        3
 Mephitic Cloud           Conj/Pois/Air  0%         N/A       100%        3
 Bolt of Magma            Conj/Fire/Erth 0%         4d4       100%        5


Dungeon Overview and Level Annotations

Branches:
Dungeon (3/15)

Altars:

Shops:
D:3 ?

Annotations:
D:3 Grinder


Innate Abilities, Weirdness & Mutations

You have a pair of horns on your head.
You reflexively headbutt those who attack you in melee.


Message History

No target in view!
An adder comes into view.
The adder hisses angrily.
You hear an angry hiss.
You hear a shout!
A ball python and Grinder come into view.
Grinder shouts!
The ball python hisses angrily.
Grinder gestures at you.
You suddenly lose the ability to move!
Found a dagger.
The adder bites you but does no damage. The adder bites you. x2
You are poisoned.
The adder poisons you!
You feel sick. The adder bites you but does no damage.
The ball python bites you but does no damage.
The ball python grabs you. The ball python constricts you.
You can move again.
You feel very mighty all of a sudden.
You feel sick. You block the adder's attack.
You block the ball python's attack. The ball python constricts you.
You barely miss the adder. You hit the ball python.
You kill the ball python!
You feel sick. You block the adder's attack. The adder bites you.
Grinder rolls her eyes.
You miss the adder. You hit Grinder.
You feel sick.
You are no longer poisoned.
The adder bites you but does no damage. Grinder gestures at you.
You suddenly lose the ability to move!
The adder bites you but does no damage.
Grinder says, "There's only one good use for a tongue: cutting it out."
Grinder gestures at you. Pain shoots through your body!
The adder bites you but does no damage. Grinder hits you but does no damage.
The adder bites you but does no damage. x2
Grinder says, "You look like you could use a good racking."
Grinder gestures at you. Pain shoots through your body!
The adder bites you but does no damage. Grinder hits you!
* * * LOW HITPOINT WARNING * * *
The adder bites you.
* * * LOW HITPOINT WARNING * * *
Grinder hits you!
You die...

.....# .....#
#####.....#
#..........
#?........#
##.........#
#..5S†...).#
#..[@# #....#
####.# #.# #.#
#.# #.#
#.############
#............#


You could see Grinder and an adder.

Vanquished Creatures
  3 adders (D:2)
  2 worms (D:2)
  4 dart slugs
  4 ball pythons
  4 bats
  6 endoplasms
  3 goblins
  8 jackals
  A quokka (D:1)
  A frilled lizard (D:2)
  5 kobolds
  3 rats
44 creatures vanquished.

Notes
Turn   | Place    | Note
-------+----------+-------------------------------------------
     0 | D:1      | MercyWheel the Minotaur Fighter began the quest for the
                  | Orb.
     0 | D:1      | Reached XP level 1. HP: 19/19 MP: 0/0
    28 | D:1      | Reached skill level 3 in Axes
    37 | D:1      | Reached XP level 2. HP: 18/26 MP: 1/1
   333 | D:1      | Found a faded altar of an unknown god.
   389 | D:1      | Reached skill level 4 in Axes
   746 | D:1      | Reached XP level 3. HP: 30/31 MP: 2/2
  1380 | D:2      | Reached skill level 5 in Axes
  1552 | D:2      | Reached XP level 4. HP: 39/39 MP: 3/3
  2069 | D:3      | Found Xaexer's Magic Scroll Shop.
  2150 | D:3      | Noticed Grinder
  2150 | D:3      | Paralysed by Grinder for 4 turns
  2156 | D:3      | Paralysed by Grinder for 6 turns
  2160 | D:3      | Slain by Grinder

Illustrated notes

Levels and vault maps discovered:
D:1:      lightli_arrival_isolated_outpost, layout_basic,
          ebering_ecumenical_altar_sacrificial
D:2:      layout_basic
D:3:      layout_basic, serial_shops, shop_scrolls, roderic_lattice_a,
          dk_vineyard_2, uniq_grinder

Skill      XL: |  1  2  3 |
---------------+----------+-----
Axes           | 3 4 5 |  5.5
Fighting       | |  3.6
Armour         | |  3.6
Shields        | |  3.6

Action                   |  1- 3 |  4- 6 || total
-------------------------+-------+-------++-------
Melee: War axe           |   100 |    17 ||   117
       Headbutt          |    12 |     4 ||    16
  Use: Potion            |     1 |     1 ||     2
Armor: Scale mail        |    73 |    13 ||    86
Dodge: Dodged            |    35 |     1 ||    36
Block: Kite shield       |    81 |     9 ||    90
